 Dungeon Crawl Stone Soup version 0.28-a0-691-gad6df49e81 (webtiles) character file.

Game seed: 12984726600686769197

753 omnomnOMINOUS the Ducker (level 7, -11/46 HPs)
             Began as an Octopode Wanderer on Oct 21, 2021.
             Was a Priest of Vehumet.
             Mangled by an ogre (21 damage)
             ... on level 5 of the Dungeon.
             The game lasted 00:11:35 (6131 turns).

omnomnOMINOUS the Ducker (Octopode Wanderer)        Turns: 6131, Time: 00:11:36

Health: -11/46     AC:  1    Str: 12    XL:     7   Next: 78%
Magic:  3/10       EV: 13    Int: 16    God:    Vehumet [***...]
Gold:   190        SH:  5    Dex: 11    Spells: 3/10 levels left

rFire   . . .      SeeInvis .   b - +0 trident (flame)
rCold   . . .      Faith    .   (no shield)
rNeg    . . .      Spirit   .   (helmet restricted)
rPois   .          Reflect  +   p - amulet of reflection
rElec   .          Harm     .   s - ring of resist corrosion
rCorr   +          Rampage  .   (no ring)
Will    .....                   (no ring)
Stlth   +++.......              (no ring)
HPRegen 0.15/turn               (no ring)
MPRegen 0.12/turn               (no ring)
                                (no ring)
                                (no ring)

@: freezing walls, hasted, studying Shields, very quick
A: almost no armour, amphibious, 8 rings, camouflage 1, gelatinous body 1,
(nimble swimmer 1), tentacles
a: Renounce Religion


You were on level 5 of the Dungeon.
You worshipped Vehumet.
Vehumet was most pleased with you.
You visited 1 branch of the dungeon, and saw 5 of its levels.
You also visited: Ossuary.

You collected 190 gold pieces.

Inventory:

Hand Weapons
 a - a +1 dagger of venom
 b - a +0 trident of flaming (weapon)
 c - a +2 short sword
 d - a +0 quarterstaff
Jewellery
 f - an amulet of faith
 p - an amulet of reflection (around mantle)
 s - a ring of resist corrosion (left tentacle)
Wands
 l - a wand of flame (19)
 v - a wand of iceblast (12)
Scrolls
 e - 3 scrolls of teleportation {unknown}
 k - a scroll of silence {unknown}
 o - 2 scrolls of summoning {unknown}
 r - 2 scrolls of immolation
 t - 6 scrolls of noise
 u - 4 scrolls of fear {unknown}
 w - a scroll of magic mapping {unknown}
 y - a scroll of identify {unknown}
 B - a scroll of enchant armour {unknown}
Potions
 g - 3 potions of brilliance
 h - 2 potions of curing
 i - a potion of resistance
 m - a potion of flight {unknown}
 n - a potion of cancellation
 q - a potion of ambrosia {unknown}
 x - a potion of mutation
 z - a potion of might {unknown}
 A - a potion of magic {unknown}


   Skills:
 + Level 3.4 Fighting
 - Level 3.0 Short Blades
 + Level 3.5 Dodging
 - Level 2.6 Stealth
 + Level 3.1 Shields
 - Level 2.0 Spellcasting
 + Level 3.0 Conjurations
 - Level 3.0 Transmutations
 + Level 2.8 Ice Magic
 + Level 3.0 Air Magic


You had 3 spell levels left.
You knew the following spells:

 Your Spells              Type           Power      Damage    Failure   Level
a - Shock                 Conj/Air       44%        1d5       1%          1
b - Frozen Ramparts       Ice            20%        1d4       5%          3
c - Mephitic Cloud        Conj/Pois/Air  8%         N/A       7%          3

Your spell library contained the following spells:

 Spells                   Type           Power      Damage    Failure   Level
 Poisonous Vapours        Pois/Air       12%        N/A       4%          2
 Freeze                   Ice            40%        1d6       1%          1
 Magic Dart               Conj           44%        1d5       1%          1
 Call Imp                 Summ           1%         N/A       30%         2
 Hailstorm                Conj/Ice       11%        3d5       16%         4


Dungeon Overview and Level Annotations

Branches:
Dungeon (5/15)            Ossuary (visited)
 Temple: D:4-7

Altars:
Qazlal
Vehumet

Annotations:
D:2 1 runed translucent door, Crazy Yiuf, Sigmund
D:5 Menkaure


Innate Abilities, Weirdness & Mutations

You cannot wear most types of armour.
You are amphibious.
You can wear up to eight rings at the same time.
Your skin changes colour to match your surroundings (Stealth+).
Your rubbery body absorbs attacks. (AC +1, EV +1)
((You are camouflaged near water. (Stealth+)))
You have tentacles for arms and can constrict up to eight enemies at once.


Message History

The adder skeleton completely resists.
The wall freezes the adder skeleton but does no damage.
The adder skeleton misses you.
The wall freezes the ogre.
The ogre misses you.
It was a potion of resistance.
You feel protected.
The wall freezes the iguana.
The iguana closely misses you.
The adder skeleton completely resists.
The wall freezes the adder skeleton but does no damage.
The adder skeleton bites you.
It was a potion of cancellation.
Your magical effects are unravelling.
You feel magically purged.
The frozen ramparts melt away.
You feel a little less clever now.
Your resistance to elements expires.
You block the ogre's attack. The iguana bites you!
* * * LOW HITPOINT WARNING * * *
The adder skeleton bites you.
* * * LOW HITPOINT WARNING * * *
You feel better. The adder skeleton bites you.
* * * LOW HITPOINT WARNING * * *
The iguana bites you.
* * * LOW HITPOINT WARNING * * *
The ogre barely misses you.
You feel better. The adder skeleton closely misses you.
The iguana closely misses you. You block the ogre's attack.
Okay, then.
Unknown command.
Casting: Frozen Ramparts (dangerous; 5% risk of failure)
Confirm with . or Enter, or press ? or * to list all spells.
Casting: Frozen Ramparts (dangerous; 5% risk of failure)
Press: ? - help, Dir - look around, f - activate The walls around you are covered in ice.
The adder skeleton completely resists.
The wall freezes the adder skeleton but does no damage.
The adder skeleton barely misses you.
The wall freezes the iguana.
The iguana seems to slow down.
The iguana bites you.
* * * LOW HITPOINT WARNING * * *
It was a potion of haste.
You feel yourself speed up.
The wall freezes the ogre.
The ogre hits you with a +0 giant club!!
You die...

#. #. ... #. ...
#. ... #. #.# #
#. #.# .#
#Z##.##.#
#.@O....#
###l..###
##.....##
#....<..#
#.........# g###
l.'.........'...
....
#.#.........####
.###
#.##.......## #
##.....##


You could see an ogre, an iguana (slow) and an adder skeleton.

Vanquished Creatures
  An ice beast (D:5)
  An ogre (D:5)
  A scorpion (D:5)
  A water moccasin skeleton (D:4)
  2 jellies
  A centaur zombie (Ossuary)
  A hound (D:4)
  A centaur skeleton (D:5)
  Ijyb (D:3)
  Natasha (twice) (D:2)
  An iguana (D:4)
  5 mummies (Ossuary)
  2 gnolls (D:5)
  3 adders
  An adder zombie (D:5)
  2 worms
  A dart slug (D:3)
  An orc (D:3)
  5 endoplasms
  3 giant cockroaches
  2 gnoll zombies (Ossuary)
  8 goblins
  7 hobgoblins
  8 jackals (D:2)
  8 ball pythons
  3 bats
  3 frilled lizards
  3 goblin zombies
  3 hobgoblin zombies (Ossuary)
  7 kobolds
  2 rats
  A rat zombie (D:5)
91 creatures vanquished.

Notes
Turn   | Place    | Note
-------+----------+-------------------------------------------
     0 | D:1      | omnomnOMINOUS the Octopode Wanderer began the quest for the
                  | Orb.
     0 | D:1      | omnomnOMINOUS set off with the following items: a +2 short
                  | sword, a +0 quarterstaff, a potion of curing, a +0 dagger
     0 | D:1      | Reached XP level 1. HP: 13/13 MP: 1/1
     8 | D:1      | Found a faded altar of an unknown god.
   137 | D:1      | Prayed at the altar of an unknown god.
   137 | D:1      | Became a worshipper of Vehumet
   137 | D:1      | Reached * piety under Vehumet
   137 | D:1      | Offered knowledge of Shock by Vehumet.
   193 | D:1      | Reached skill level 1 in Dodging
   259 | D:1      | Reached XP level 2. HP: 17/18 MP: 2/2
   561 | D:1      | Reached skill level 1 in Spellcasting
   580 | D:1      | Learned a level 1 spell: Shock
   850 | D:1      | Reached XP level 3. HP: 23/23 MP: 4/4
   854 | D:1      | Learned a level 3 spell: Frozen Ramparts
  1051 | D:2      | Noticed Natasha
  1147 | D:2      | Killed Natasha
  1339 | D:2      | Reached XP level 4. HP: 23/29 MP: 0/6
  1341 | D:2      | Reached ** piety under Vehumet
  1460 | D:2      | Offered knowledge of Sandblast by Vehumet.
  1465 | D:2      | Reached skill level 1 in Air Magic
  1466 | D:2      | Reached skill level 1 in Conjurations
  1834 | D:2      | Noticed Sigmund
  2032 | D:2      | Noticed Natasha
  2037 | D:2      | Killed Natasha
  2059 | D:2      | Found a runed translucent door.
  2060 | D:2      | Noticed Crazy Yiuf
  2469 | D:3      | Noticed Ijyb
  2478 | D:3      | Killed Ijyb
  2479 | D:3      | Reached skill level 1 in Ice Magic
  2479 | D:3      | Reached XP level 5. HP: 18/34 MP: 7/7
  3150 | D:3      | Learned a level 3 spell: Mephitic Cloud
  3437 | D:4      | Reached XP level 6. HP: 17/41 MP: 5/9
  4004 | D:4      | Found a stormy altar of Qazlal.
  4596 | D:5      | Entered Level 5 of the Dungeon
  4596 | D:5      | Noticed Menkaure
  4637 | D:5      | Found a sand-covered staircase.
  4645 | D:5      | Offered knowledge of Poisonous Vapours by Vehumet.
  4653 | Ossuary  | Entered an ossuary
  4832 | Ossuary  | Reached XP level 7. HP: 23/45 MP: 10/10
  4980 | Ossuary  | Reached *** piety under Vehumet
  6131 | D:5      | Mangled by an ogre

Illustrated notes

Levels and vault maps discovered:
D:1:      erik_arrival_orb_chamber, layout_basic, basic_ecumenical_altar
D:2:      layout_loops_corners, hex_large, uniq_natasha,
          uniq_crazy_yiuf_cottage, uniq_sigmund
D:3:      layout_basic, uniq_ijyb
D:4:      kennysheep_spiral_hall, layout_loops_corners,
          mainiacjoe_overflow_alcove_4
D:5:      layout_loops_corners, enter_ossuary_4, gammafunk_ghost_grave,
          grunt_ministairs_10, uniq_menkaure

Skill      XL: |  1  2  3  4  5  6  7 |
---------------+----------------------+-----
Dodging        | 1 2 3 |  3.5
Spellcasting   | 1 2 |  2.0
Air Magic      | 1 2 3 |  3.0
Conjurations   | 1 2 3 |  3.0
Fighting       | 2 3 |  3.4
Ice Magic      | 1 2 |  2.8
Shields        | 3 |  3.1
Short Blades   | |  3.0
Stealth        | |  2.6
Transmutations | |  3.0

Action                   |  1- 3 |  4- 6 |  7- 9 || total
-------------------------+-------+-------+-------++-------
Melee: Short sword       |    52 |     3 |       ||    55
       Constrict         |     7 |    22 |     5 ||    34
       Tentacles         |     5 |    22 |     6 ||    33
       Trident           |       |   143 |    31 ||   174
       Dagger            |       |       |     5 ||     5
 Cast: Shock             |     9 |     2 |    17 ||    28
       Frozen Ramparts   |     1 |       |     5 ||     6
       Mephitic Cloud    |       |       |     2 ||     2
  Use: Potion            |       |     1 |     7 ||     8
 Stab: Sleeping          |     9 |    17 |     1 ||    27
       Confused          |       |       |     1 ||     1
Armor: Skin              |     6 |     6 |     1 ||    13
Dodge: Dodged            |    26 |    63 |    27 ||   116
Block: Other             |       |    19 |     9 ||    28
       Reflection        |       |     1 |       ||     1

Table legend: (Time is in decaauts)
 A = Elapsed time spent in this place.
 B = Non-inter-level travel time spent in this place.
 C = Inter-level travel time spent in this place.
 D = Time resting spent in this place.
 E = Time spent auto-exploring this place.
 F = Levels seen in this place.
 G = Mean time per level.
                   A        B        C        D        E       F      G
               +--------+--------+--------+--------+--------+-----+--------+
         Total |   6179 |   5992 |    187 |   1023 |   3955 |   6 | 1029.8 |
       Dungeon |   5680 |   5493 |    187 |    740 |   3848 |   5 | 1136.0 |
       Ossuary |    499 |    499 |      0 |    283 |    107 |   1 |  499.0 |
               +--------+--------+--------+--------+--------+-----+--------+

Top non-repeatable levels by time:
     D:4: 1658 daAuts
     D:2: 1338 daAuts
     D:1: 1006 daAuts
     D:5: 838 daAuts
     D:3: 838 daAuts
 Ossuary: 499 daAuts
